 Dungeon Crawl Stone Soup version 0.28.0-53-g5a82cb258f (webtiles) character file.

Game seed: 17384314895918002892

66714 Peloso the Peltast (level 14, -2/125 HPs)
             Began as a Minotaur Fighter on June 13, 2022.
             Was the Champion of Okawaru.
             Slain by a golden dragon (18 damage)
             ... in an ice cave.
             The game lasted 00:53:56 (20481 turns).

Peloso the Peltast (Minotaur Fighter)              Turns: 20481, Time: 00:53:57

Health: -2/125     AC: 23    Str: 23      XL:     14   Next: 80%
Magic:  13/14      EV: 11    Int:  4 (5)  God:    Okawaru [******]
Gold:   2224       SH: 19    Dex: 13      Spells: 13/13 levels left

rFire   . . .      SeeInvis .   a - +1 double sword (venom)
rCold   + . .      Faith    .   e - +3 kite shield
rNeg    . . .      Spirit   .   Q - +0 plate armour
rPois   .          Reflect  .   R - +1 hat {Will+}
rElec   .          Harm     .   T - +2 cloak {Will+}
rCorr   .          Rampage  .   (no gloves)
Will    +++..                   (no boots)
Stlth   ..........              H - amulet of regeneration
HPRegen 1.10/turn               N - ring of protection from cold
MPRegen 0.14/turn               F - +4 ring of slaying

@: mighty, heroic, hasted, very quick
A: horns 2, retaliatory headbutt
a: Renounce Religion, Heroism, Finesse, Duel


You were in an ice cave.
You worshipped Okawaru.
Okawaru was exalted by your worship.
You visited 4 branches of the dungeon, and saw 22 of its levels.
You also visited: Sewer, Bailey, Ice Cave and Volcano.

You collected 2224 gold pieces.

Inventory:

Hand Weapons
 a - a +1 double sword of venom (weapon)
 b - the +11 mace of Breach {protect, rN++}
   (You found it on level 6 of the Dungeon)

   It grants its wielder temporary protection when it strikes (+7 to AC).
   rN:        It greatly protects you from negative energy.
 c - a +1 scimitar of flaming
Armour
 e - a +3 kite shield (worn)
 f - a +2 chain mail of willpower
 g - the +0 hat of a Labyrinth {rPois rF++ Int+4 Dex-4}
   (Okawaru gifted it to you in a volcano)

   Int:       It affects your intelligence (+4).
   Dex:       It affects your dexterity (-4).
   rF:        It greatly protects you from fire.
   rPois:     It protects you from poison.
 k - a +0 plate armour of fire resistance
 t - +1 swamp dragon scales
 Q - a +0 plate armour (worn)
 R - a +1 hat of willpower (worn)
 T - a +2 cloak of willpower (worn)
Jewellery
 j - a +6 ring of dexterity
 A - a ring of protection from fire
 F - a +4 ring of slaying (right hand)
 H - an amulet of regeneration (around neck)
 N - a ring of protection from cold (left hand)
Wands
 m - a wand of acid (10)
 n - a wand of flame (12)
 p - a wand of iceblast (6)
 s - a wand of digging (2)
 u - a wand of polymorph (7)
Scrolls
 l - 7 scrolls of blinking
 o - a scroll of fear
 r - a scroll of teleportation
 G - a scroll of acquirement
 U - 2 scrolls of noise
 V - 2 scrolls of immolation
Potions
 d - a potion of might
 h - 8 potions of curing
 i - 2 potions of haste
 v - a potion of cancellation
 B - 3 potions of resistance
 J - a potion of brilliance {unknown}
 K - 4 potions of flight
 M - 3 potions of ambrosia {unknown}
 P - 2 potions of lignification {unknown}


   Skills:
 + Level 11.7(16.7) Fighting
 + Level 14.5(19.5) Long Blades
 + Level 12.4(17.4) Maces & Flails
 + Level 0.1(5.1) Throwing
 + Level 14.0(19.0) Armour
 + Level 5.0(10.0) Dodging
 + Level 1.9(6.9) Stealth
 + Level 17.6(22.6) Shields
 + Level 1.8 Invocations
 + Level 0.7 Evocations


You had 13 spell levels left.
You didn't know any spells.
Your spell library contained the following spells:

 Spells                   Type           Power      Damage    Failure   Level
 Apportation              Tloc           0%         N/A       99%         1
 Beastly Appendage        Tmut           0%         N/A       99%         1
 Freeze                   Ice            0%         1d3       99%         1
 Magic Dart               Conj           0%         1d3       99%         1
 Blink                    Tloc           0%         N/A       100%        2
 Corpse Rot               Necr/Air       0%         N/A       100%        2
 Searing Ray              Conj           0%         2d4       100%        2
 Sublimation of Blood     Necr           0%         N/A       100%        2
 Wereblood                Tmut           0%         N/A       100%        2
 Frozen Ramparts          Ice            0%         1d2       100%        3
 Lesser Beckoning         Tloc           0%         N/A       100%        3
 Ozocubu's Armour         Ice            0%         N/A       100%        3
 Portal Projectile        Hex/Tloc       0%         N/A       100%        3
 Spider Form              Tmut/Pois      0%         N/A       100%        3
 Dispel Undead            Necr           0%         3d6       100%        4
 Fulminant Prism          Conj/Hex       0%         3d6       100%        4
 Hailstorm                Conj/Ice       0%         3d3       100%        4
 Ice Form                 Ice/Tmut       0%         N/A       100%        4
 Alistair's Intoxication  Tmut/Pois      0%         N/A       100%        5
 Blade Hands              Tmut           0%         N/A       100%        5
 Borgnjor's Vile Clutch   Necr/Erth      0%         N/A       100%        5
 Excruciating Wounds      Necr           0%         N/A       100%        5
 Manifold Assault         Tloc           0%         N/A       100%        5
 Metabolic Englaciation   Hex/Ice        0%         N/A       100%        5
 Storm Form               Tmut/Air       0%         N/A       100%        7
 Animate Dead             Necr           Unusable   N/A       N/A         4
 Death Channel            Necr           Unusable   N/A       N/A         6
 Simulacrum               Ice/Necr       Unusable   N/A       N/A         6
 Summon Hydra             Summ           Unusable   N/A       N/A         7

Dungeon Overview and Level Annotations

Branches:
Dungeon (15/15)            Temple (1/1) D:6            Lair (4/6) D:11
 Shoals (0/4) Lair:2       Spider (0/4) Lair:3          Orc (2/2) D:9
    Elf (0/3) Orc:2        Vaults (0/5) D:13          Sewer (visited)
 Bailey (visited)           IceCv (1/1)             Volcano (visited)
 Depths: D:15

Altars:
Ashenzari
Cheibriados
Dithmenos
Elyvilon
Fedhas
Gozag
Hepliaklqana
Kikubaaqudgha
Makhleb
Nemelex Xobeh
Okawaru
Qazlal
Ru
Sif Muna
Trog
Uskayaw
Vehumet
Wu Jian
Xom
Yredelemnul
Zin
The Shining One

Shops:
D:1 [   D:8 =   Orc:2 (([::

Annotations:
D:7 2 runed translucent doors, Erymatos's ghost, novice MiBe
D:11 3 runed translucent doors, Peloso's ghost, journeyman MiFi
Lair:1 2 transporters, Ceckukk's ghost, journeyman GrEE
Lair:4 Casa


Innate Abilities, Weirdness & Mutations

You have a pair of horns on your head.
You reflexively headbutt those who attack you in melee.


Message History

The golden dragon breathes cold at you. The bolt of cold hits you!! You resist.
Unknown command.
You closely miss the golden dragon.
You headbutt the golden dragon, but do no damage.
The golden dragon is lightly wounded.
The ice dragon breathes frost at you. The blast of cold hits you. You resist.
Unknown command.
You hit the golden dragon but do no damage.
You headbutt the golden dragon!
The golden dragon is lightly wounded.
The golden dragon barely misses you.
The golden dragon claws you but does no damage.
You block the golden dragon's attack. The ice dragon bites you.
The ice dragon claws you but does no damage.
The ice dragon tramples you!
You hold your ground!
You feel yourself speed up.
The golden dragon bites you but does no damage.
The golden dragon claws you!
* * * LOW HITPOINT WARNING * * *
The golden dragon tramples you but does no damage.
You block the ice dragon's attack. x2
The ice dragon tramples you but does no damage.
You feel very mighty all of a sudden.
You block the golden dragon's attack. x3
You closely miss the golden dragon. Your headbutt misses the golden dragon.
The golden dragon is lightly wounded.
The ice dragon breathes frost at you. The blast of cold hits you! You resist.
* * * LOW HITPOINT WARNING * * *
Unknown command.
You hit the golden dragon but do no damage.
You headbutt the golden dragon!!
The golden dragon is moderately wounded.
You slice the golden dragon!!
The golden dragon looks as sick as possible!
The golden dragon is heavily wounded.
The golden dragon bites you!!
You die...

#.........##..#
##........###.##
#........## #..#
##.......# ##.#
##.....## #.##
#.....# #..#
###..## #..#
#..## #..##
##.## ##.@##
##..# ##DD###
##..## ##...#
#..## ###.###
##.## #..#.##
#..# ##.##..#
#.[# #..#...#
##†## ##...#.##
#..# #####..#


You could see a golden dragon (extremely poisoned) and an ice dragon (poisoned,
catching breath).

Vanquished Creatures
  Gastronok (D:10)
  An azure jelly (D:15)
  Nessos (D:14)
  Azrael (D:12)
  Snorg (Orc:1)
  2 fire dragons
  2 vault guards (D:13)
  2 boulder beetles (D:12)
  5 hydras
  An ogre mage (D:15)
  3 ice dragons (IceCv)
  3 centaur warriors
  7 two-headed ogres
  3 tengu warriors
  Nergalle (D:12)
  4 skeletal warriors (D:14)
  An orange crystal statue (IceCv)
  Pikel (D:8)
  2 orc knights
  A deep elf pyromancer (D:8)
  A lindwurm (Volcano)
  An orc sorcerer (D:15)
  3 manticores
  A cyclops (Orc:2)
  Maurice (D:12)
  2 merfolk sirens (Lair:2)
  6 cane toads
  Maggie (D:8)
  A storm dragon simulacrum (IceCv)
  2 gargoyles (D:12)
  2 rime drakes
  3 unseen horrors
  3 komodo dragons
  2 freezing wraiths (D:15)
  A tengu conjurer (D:15)
  A kobold demonologist (D:12)
  5 golden dragon simulacra (IceCv)
  2 merfolk (Lair:2)
  A polar bear (Lair:2)
  3 trolls
  14 blink frogs (Lair:1)
  5 slime creatures (D:13)
  A shadow (D:11)
  9 spriggans (Bailey)
  Sigmund (D:6)
  3 wraiths
  15 yaks
  3 wyverns
  4 fire elementals
  3 basilisks
  12 humans
  13 fire bats (Volcano)
  9 vampire mosquitoes
  Grum (D:10)
  5 wargs
  3 steam dragons
  Edmund (D:4)
  8 water moccasins
  7 hell hounds
  43 orc warriors
  An ice beast (D:4)
  3 black bears
  2 sky beasts (D:6)
  9 ice dragon simulacra (IceCv)
  3 necrophages
  14 wolves
  14 ogres
  13 centaurs
  2 lemures (D:8)
  2 kobold brigands (D:12)
  8 bullfrogs
  4 scorpions
  A wyvern zombie (D:6)
  A wyvern skeleton (D:5)
  3 lindwurm simulacra (IceCv)
  15 wights
  3 killer bees (D:8)
  6 howler monkeys
  2 electric eels
  3 bullfrog zombies (D:6)
  2 centaur zombies
  7 lava snakes (Volcano)
  A jelly (D:7)
  4 hounds
  2 bullfrog skeletons
  10 orc priests
  3 iguanas
  16 orc wizards
  A killer bee zombie (D:8)
  A hound zombie (D:5)
  A howler monkey zombie (D:7)
  12 adders
  2 river rats (Sewer)
  A shadow imp (D:5)
  3 dart slugs
  94 orcs
  13 ball pythons
  10 endoplasms
  8 giant cockroaches
  12 goblins
  12 hobgoblins
  2 jackals (D:2)
  11 kobolds
  3 quokkas
  4 bats
  9 frilled lizards
  9 rats
607 creatures vanquished.

Vanquished Creatures (others)
  A vault guard (D:13)
  2 humans (D:13)
  2 kobolds (D:12)
  11 fungi
  20 plants
36 creatures vanquished.

Grand Total: 643 creatures vanquished

Notes
Turn   | Place    | Note
-------+----------+-------------------------------------------
     0 | D:1      | Peloso the Minotaur Fighter began the quest for the Orb.
     0 | D:1      | Reached XP level 1. HP: 19/19 MP: 0/0
    37 | D:1      | Reached XP level 2. HP: 27/27 MP: 1/1
   132 | D:1      | Found Hosmeece's Armour Shop.
   206 | D:1      | Reached skill level 4 in Shields
   270 | D:1      | Found a faded altar of an unknown god.
   481 | D:1      | Reached XP level 3. HP: 27/33 MP: 2/2
   995 | D:2      | Reached skill level 1 in Dodging
  1190 | D:2      | Reached XP level 4. HP: 40/40 MP: 3/3
  1553 | D:3      | Found an opulent altar of Gozag.
  1557 | D:3      | Found an ancient bone altar of Kikubaaqudgha.
  2615 | D:4      | Noticed an ogre
  2622 | D:4      | Killed an ogre
  2623 | D:4      | Reached XP level 5. HP: 47/47 MP: 4/4
  2671 | D:4      | Noticed a necrophage
  2682 | D:4      | Killed a necrophage
  2683 | D:4      | Reached skill level 5 in Shields
  2683 | D:4      | Reached XP level 6. HP: 40/53 MP: 5/5
  2849 | D:4      | Noticed Edmund
  2858 | D:4      | Killed Edmund
  2859 | D:4      | Reached skill level 5 in Long Blades
  2867 | D:4      | Reached skill level 6 in Shields
  3030 | D:4      | Reached XP level 7. HP: 60/60 MP: 6/6
  3484 | D:5      | Entered Level 5 of the Dungeon
  3496 | D:4      | Reached skill level 5 in Armour
  3767 | D:4      | Reached skill level 5 in Fighting
  3821 | D:4      | Reached skill level 7 in Shields
  3826 | D:5      | Reached XP level 8. HP: 39/68 MP: 7/7
  4662 | D:6      | Noticed Sigmund
  4672 | D:6      | Killed Sigmund
  4735 | D:6      | Identified the +11 mace of Breach {protect, rN++}
  4763 | D:6      | Reached skill level 8 in Shields
  4921 | D:6      | Reached XP level 9. HP: 63/75 MP: 8/8
  4936 | D:6      | Found a glowing drain.
  4962 | Sewer    | Entered a sewer
  5523 | D:6      | Found a staircase to the Ecumenical Temple.
  5532 | Temple   | Entered the Ecumenical Temple
  5908 | D:7      | Found a large runed translucent door.
  5908 | D:7      | Found a large runed translucent door.
  5910 | D:7      | Noticed Erymatos's ghost (novice MiBe)
  5969 | D:7      | Reached skill level 1 in Maces & Flails
  5988 | D:7      | Reached skill level 9 in Shields
  6298 | D:7      | Identified the +11 short sword "Joinoeri" {drain, Str+4}
  6687 | D:7      | Reached skill level 5 in Maces & Flails
  6814 | D:8      | Reached skill level 10 in Shields
  6864 | D:8      | Noticed Maggie
  6876 | D:8      | Killed Maggie
  6877 | D:8      | Reached XP level 10. HP: 78/84 MP: 9/9
  7156 | D:8      | Noticed a deep elf pyromancer
  7169 | D:8      | Killed a deep elf pyromancer
  7634 | D:8      | Found Ciuca's Jewellery Shoppe.
  7797 | D:9      | Noticed Pikel
  7929 | D:8      | Killed Pikel
  7976 | D:9      | Noticed a two-headed ogre
  7984 | D:9      | Killed a two-headed ogre
  8024 | D:9      | Reached skill level 11 in Shields
  8459 | D:9      | Found a staircase to the Orcish Mines.
  8565 | D:10     | Entered Level 10 of the Dungeon
  8607 | D:10     | Reached XP level 11. HP: 92/92 MP: 10/10
  8611 | D:10     | Identified a scroll of acquirement
  8621 | D:10     | Found a flagged portal.
  8652 | Bailey   | Entered a bailey
  8973 | Bailey   | Noticed a two-headed ogre
  8992 | Bailey   | Killed a two-headed ogre
  8993 | Bailey   | Reached skill level 1 in Stealth
  9030 | Bailey   | Reached skill level 12 in Shields
  9174 | D:10     | Found a broken altar of Ashenzari.
  9372 | D:10     | Noticed Grum
  9381 | D:10     | Reached skill level 10 in Maces & Flails
  9382 | D:10     | Killed Grum
  9454 | D:10     | Reached skill level 10 in Armour
  9491 | D:10     | Noticed Gastronok
  9508 | D:10     | Killed Gastronok
  9523 | D:10     | Identified the +9 flail "Zoiponips" {drain, Will+}
  9664 | D:10     | Found an iron altar of Okawaru.
  9669 | D:10     | Became a worshipper of Warmaster Okawaru
 10582 | D:11     | Noticed a two-headed ogre
 10590 | D:11     | Killed a two-headed ogre
 10590 | D:11     | Reached * piety under Okawaru
 10604 | D:11     | Found a staircase to the Lair.
 10764 | D:11     | Reached skill level 13 in Shields
 10814 | D:11     | Found a runed translucent gate.
 10814 | D:11     | Noticed Peloso's ghost (journeyman MiFi)
 10816 | D:11     | Found a runed translucent gate.
 10816 | D:11     | Found a runed translucent gate.
 10894 | D:12     | Noticed a boulder beetle
 10931 | D:12     | Killed a boulder beetle
 10931 | D:12     | Reached ** piety under Okawaru
 10932 | D:12     | Reached XP level 12. HP: 53/103 MP: 11/11
 11079 | D:12     | Noticed Maurice
 11092 | D:12     | Killed Maurice
 11137 | D:12     | Noticed Nergalle
 11147 | D:12     | Killed Nergalle
 11173 | D:12     | Noticed a boulder beetle
 11203 | D:12     | Killed a boulder beetle
 11369 | D:12     | Noticed Azrael
 11480 | D:11     | Reached *** piety under Okawaru
 11498 | D:12     | Killed Azrael
 11662 | D:12     | Reached skill level 14 in Shields
 11807 | Lair:1   | Entered Level 1 of the Lair of Beasts
 11807 | Lair:1   | Found a transporter.
 11838 | Lair:1   | Reached **** piety under Okawaru
 11872 | Lair:1   | Noticed Ceckukk's ghost (journeyman GrEE)
 11875 | Lair:1   | Found a transporter.
 11898 | Lair:1   | Noticed a five-headed hydra
 11909 | Lair:1   | Killed a two-headed hydra
 12054 | Lair:1   | Noticed a seven-headed hydra
 12068 | Lair:1   | Killed a four-headed hydra
 12195 | Lair:1   | Reached ***** piety under Okawaru
 12325 | Lair:1   | Noticed a fire dragon
 12342 | Lair:1   | Killed a fire dragon
 12343 | Lair:1   | Reached XP level 13. HP: 73/111 MP: 10/12
 12358 | Lair:1   | Identified the +2 pair of gloves of Inaction {rN++ Str+5
                  | Slay-2}
 12539 | Lair:1   | Reached skill level 15 in Shields
 12558 | Lair:1   | Reached skill level 10 in Long Blades
 13146 | Lair:2   | Found a staircase to the Shoals.
 13296 | Lair:2   | Received a gift from Okawaru
 13874 | Lair:3   | Found a hole to the Spider Nest.
 15067 | Orc:1    | Entered Level 1 of the Orcish Mines
 15118 | Orc:1    | Noticed Snorg
 15147 | Orc:1    | Killed Snorg
 15317 | Orc:1    | HP: 3/113 [poisoned by an orc wizard]
 15468 | Orc:1    | Found a burning altar of Makhleb.
 15680 | Orc:2    | Entered Level 2 of the Orcish Mines
 15681 | Orc:2    | Found Jamumus's Weapon Boutique.
 15731 | Orc:2    | Reached skill level 10 in Fighting
 15814 | Orc:2    | Found a dark tunnel.
 15826 | Volcano  | Entered a volcano
 15867 | Volcano  | Identified the +0 hat of a Labyrinth {rPois rF++ Int+4
                  | Dex-4} (Okawaru gifted it to you in a volcano)
 15867 | Volcano  | Received a gift from Okawaru
 15994 | Volcano  | Noticed a fire dragon
 16023 | Volcano  | Killed a fire dragon
 16024 | Volcano  | Reached skill level 16 in Shields
 16029 | Volcano  | Reached skill level 1 in Invocations
 16055 | Volcano  | Found a radiant altar of Vehumet.
 16098 | Volcano  | Found a bloodstained altar of Trog.
 16585 | Orc:2    | Found a staircase to the Elven Halls.
 16844 | Orc:2    | Found Tyxtani's Book Boutique.
 16844 | Orc:2    | Found Usyvohur's Armour Shoppe.
 16846 | Orc:2    | Found Jeud's Weapon Emporium.
 16848 | Orc:2    | Found Moevar's Book Shop.
 16995 | Orc:2    | Reached XP level 14. HP: 122/122 MP: 11/14
 18036 | D:13     | Identified the +1 robe of Koirruu {Harm} (Okawaru gifted it
                  | to you on level 13 of the Dungeon)
 18036 | D:13     | Received a gift from Okawaru
 18086 | D:13     | Found a gate to the Vaults.
 18502 | D:14     | Noticed Nessos
 18519 | D:14     | Killed Nessos
 19028 | D:14     | Reached skill level 17 in Shields
 19037 | D:14     | Reached ****** piety under Okawaru
 19375 | D:15     | Entered Level 15 of the Dungeon
 19688 | D:15     | Found a frozen archway.
 19688 | D:15     | Noticed an azure jelly
 19698 | D:15     | HP: 2/123 [azure jelly (44)]
 19703 | D:15     | Killed an azure jelly
 19718 | IceCv    | Entered an ice cave
 20215 | IceCv    | Reached skill level 5 in Dodging
 20263 | IceCv    | Received a gift from Okawaru
 20449 | IceCv    | Noticed a golden dragon
 20481 | IceCv    | Slain by a golden dragon

Illustrated notes

Levels and vault maps discovered:
D:1:      mrwooster_arrival_statue_3, layout_rooms, basic_ecumenical_altar,
          serial_shops, shop
D:2:      layout_loops_cross, minmay_split_cup_large
D:3:      layout_basic, jmf_multi_god_temple
D:4:      layout_basic, uniq_edmund
D:5:      layout_cave_pools
D:6:      layout_loops_ring, lemuel_temple_firewalk_b, gup_sewer_entry_glass,
          eino_curves_01, uniq_sigmund
D:7:      layout_rooms, ebering_ghost_disaster_area, minmay_ruffians
D:8:      layout_basic, serial_shops, shop, uniq_maggie
D:9:      layout_basic, minmay_orc_entry_guard_dogs, uniq_pikel
D:10:     layout_gridville, overflow_temple_1_default,
          mainiacjoe_overflow_alcove_2, enter_bailey_5, uniq_gastronok,
          uniq_grum
D:11:     layout_roguey, grunt_lair_entry_orc_guard_hut,
          gammafunk_ghost_nasty_kobolds
D:12:     layout_basic, minmay_misc_feat_tiny, uniq_maurice, uniq_azrael,
          uniq_nergalle
D:13:     layout_long_grid, ximxim_vaults_locker_room
D:14:     layout_irregular_city, lemuel_old_faithful, uniq_nessos
D:15:     grunt_enter_depths_magical_seal, layout_basic,
          portal_ice_cave_entry_frozen_things, chequers_arboretum
Temple:   dpeg_five_rooms_temple
Lair:1:   dragon1_lemuel, layout_chaotic_city, gammafunk_ghost_arena,
          serial_bayou_crossing, grunt_megastairs_4
Lair:2:   layout_hall_layers, elwin_shoals_entry_stream
Lair:3:   layout_misc_corridors, spider_nest_entry_web_field,
          grunt_megastairs_1, infiniplex_staircase_pool
Lair:4:   layout_cave_shapes
Orc:1:    layout_diamond_mine, bloody_makhleb, uniq_snorg
Orc:2:    st_orc_rangers, layout_caves, lightli_volcano_entry_magma_tube,
          serial_shops, nicolae_shop_hallway_plus, minmay_orc_barracks
IceCv:    ice_cave_small_dragons

Skill      XL: |  1  2  3  4  5  6  7  8  9 10 11 12 13 14 |
---------------+-------------------------------------------+-----
Shields        | 4 5 6 7 8 10 11 13 14 16 17 | 17.6
Fighting       | 4 5 6 7 8 9 10 11 | 11.7
Armour         | 4 5 6 7 9 10 12 13 14 | 14.0
Long Blades    | 3 4 5 6 8 9 12 14 | 14.5
Dodging        | 1 2 3 4 5 |  5.0
Maces & Flails | 5 8 11 12 | 12.4
Stealth        | 1 |  1.9
Invocations    | 1 |  1.8
Throwing       | |  0.1
Evocations     | |  0.7

Action                   |  1- 3 |  4- 6 |  7- 9 | 10-12 | 13-15 || total
-------------------------+-------+-------+-------+-------+-------++-------
Melee: Long sword        |   116 |    95 |   200 |       |       ||   411
       Headbutt          |    13 |    15 |    64 |   124 |   210 ||   426
       Mace              |       |       |   149 |   448 |       ||   597
       Scimitar          |       |       |       |    73 |    92 ||   165
       Double sword      |       |       |       |       |   784 ||   784
Throw: Throwing net      |       |       |       |     1 |       ||     1
Invok: Heroism           |       |       |       |     4 |    15 ||    19
Evoke: Wand              |       |       |       |     1 |     6 ||     7
  Use: Scroll            |     3 |     6 |     2 |     6 |    17 ||    34
       Potion            |       |       |       |     2 |    10 ||    12
 Stab: Held in net/web   |       |       |       |     1 |       ||     1
       Paralysed         |       |       |       |     3 |       ||     3
Armor: Scale mail        |    51 |    23 |    48 |       |       ||   122
       Chain mail        |       |       |   133 |    35 |       ||   168
       Plate armour      |       |       |       |   248 |   506 ||   754
Dodge: Dodged            |    45 |    31 |   104 |   117 |   308 ||   605
Block: Buckler           |     3 |       |       |       |       ||     3
       Kite shield       |    67 |    64 |   295 |   480 |  1031 ||  1937
